 Dungeon Crawl Stone Soup version 0.21.0-24-g2553a33 (webtiles) character file.

67 mopl the Firebug (level 3, 0/19 HPs)
             Began as a Deep Elf Fire Elementalist on Jan 20, 2018.
             Was an Initiate of Vehumet.
             Killed by nerve-wracking pain
             ... invoked by komo4ek's ghost
              (5 damage)
             ... on level 3 of the Dungeon.
             The game lasted 00:05:14 (2131 turns).

mopl the Firebug (Deep Elf Fire Elementalist)       Turns: 2131, Time: 00:05:15

Health: 0/19       AC:  4    Str:  5    XL:     3   Next: 98%
Magic:  1/10       EV: 13    Int: 20    God:    Vehumet [......]
Gold:   192        SH:  0    Dex: 15    Spells: 3/9 levels left

rFire    . . .     SeeInvis .   p - +1 short sword (drain)
rCold    . . .     Gourm    .   (no shield)
rNeg     . . .     Faith    .   a - +0 robe
rPois    .         Spirit   .   (no helmet)
rElec    .         Reflect  .   (no cloak)
rCorr    .         Harm     .   o - +1 pair of gloves
MR       .....                  (no boots)
Stlth    ++........             (no amulet)
HPRegen  0.06/turn              (no ring)
MPRegen  0.12/turn              (no ring)

@: very slightly contaminated
A: no striking features
a: Renounce Religion


You were on level 3 of the Dungeon.
You worshipped Vehumet.
Vehumet was noncommittal.
You were not hungry.

You visited 1 branch of the dungeon, and saw 3 of its levels.

You collected 192 gold pieces.

Inventory:

Hand Weapons
 p - a +1 short sword of draining (weapon)
Missiles
 e - 17 poisoned needles
 l - 3 tomahawks (quivered)
Armour
 a - a +0 robe (worn)
 o - a +1 pair of gloves (worn)
Scrolls
 f - 5 scrolls of identify {unknown}
 g - a scroll of enchant armour {unknown}
 m - a scroll of random uselessness {unknown}
 n - 2 scrolls of teleportation {unknown}
 q - a scroll of immolation {unknown}
Potions
 d - a potion of invisibility {unknown}
 h - a potion of agility {unknown}
 j - a potion of cancellation {unknown}
 k - a potion of heal wounds {unknown}
Books
 b - a book of Flames

   Spells                             Type                      Level
   a - Flame Tongue                   Conjuration/Fire             1
   b - Throw Flame                    Conjuration/Fire             2
   c - Conjure Flame                  Conjuration/Fire             3
   d - Inner Flame                    Hexes/Fire                   3
   e - Sticky Flame                   Conjuration/Fire             4
   f - Fireball                       Conjuration/Fire             5
Comestibles
 c - 4 rations
 i - 3 chunks of flesh


   Skills:
 - Level 2.4 Dodging
 - Level 2.4 Stealth
 + Level 3.7 Spellcasting
 * Level 2.7 Conjurations
 * Level 4.2 Fire Magic


You had 3 spell levels left.
You knew the following spells:

 Your Spells              Type           Power        Failure   Level  Hunger
a - Flame Tongue          Conj/Fire      ###..        3%          1    None
b - Throw Flame           Conj/Fire      ###...       4%          2    ##.....
c - Conjure Flame         Conj/Fire      ###.....     10%         3    ###....


Dungeon Overview and Level Annotations

Branches:
Dungeon (3/15)

Altars:
Okawaru
Qazlal
Vehumet
Xom

Annotations:
D:2 1 runed door, Sigmund
D:3 komo4ek's ghost, amateur HONe


Message History

You are momentarily dazzled by a flash of light!
Unknown command.
Casting: Throw Flame
Confirm with . or Enter, or press ? or * to list all spells.
Aiming: Throw Flame
Press: ? - help, Shift-Dir - straight line, f/p - komo4ek's ghost
Aim: komo4ek's ghost, wielding a weapon of protection (moderately damaged)
The puff of flame hits komo4ek's ghost.
Komo4ek's ghost is severely damaged.
Casting: Throw Flame
Confirm with . or Enter, or press ? or * to list all spells.
Aiming: Throw Flame
Press: ? - help, Shift-Dir - straight line, f/p - komo4ek's ghost
Aim: komo4ek's ghost, wielding a weapon of protection (severely damaged)
The puff of flame misses komo4ek's ghost.
Unknown command.
Komo4ek's ghost says, "Death will end your pain."
Komo4ek's ghost gestures at you while chanting.
Pain shoots through your body!
You die...

........ ...............#### #.+
.....†# ####.#>###'#..#
......#####.....†# #.##.###
......'.....##...###.##...###
......###...........###...''####
......# #........####_#........#
.###### #....W.....##.##.......#
## #.........##...##......# #
#.......@.#..#..#......# #
######....#.###.##.....# #
#...##.###.##.....# #
#..##..._#.##.....# #
#..#_....#..'.....# #
#..##..._#.##.....# # #..
##.###.##.....# ###
#.###.######## #..#..#


You could see komo4ek's ghost.

Vanquished Creatures
  A dart slug (D:3)
  2 leopard geckos (D:2)
  3 orcs (D:3)
  7 bats
  4 giant cockroaches
  6 goblins
  4 hobgoblins
  6 jackals (D:3)
  A quokka (D:2)
  2 ball pythons
  2 frilled lizards
  10 kobolds
  8 rats
  A fungus (D:1)
57 creatures vanquished.

Vanquished Creatures (others)
  A rat (D:3)
1 creature vanquished.

Grand Total: 58 creatures vanquished

Notes
Turn   | Place    | Note
-------+----------+-------------------------------------------
     0 | D:1      | mopl the Deep Elf Fire Elementalist began the quest for the Orb.
     0 | D:1      | Reached XP level 1. HP: 10/10 MP: 6/6
   359 | D:1      | Reached XP level 2. HP: 14/15 MP: 6/8
   363 | D:1      | Learned a level 2 spell: Throw Flame
   542 | D:1      | Reached skill level 2 in Conjurations
   806 | D:2      | Found an iron altar of Okawaru.
   913 | D:2      | Found a runed door.
  1012 | D:2      | Reached XP level 3. HP: 19/19 MP: 6/9
  1021 | D:2      | Learned a level 3 spell: Conjure Flame
  1161 | D:2      | Noticed Sigmund
  1190 | D:3      | Reached skill level 4 in Fire Magic
  1569 | D:3      | Noticed komo4ek's ghost (amateur HONe)
  1874 | D:3      | Found a stormy altar of Qazlal.
  1874 | D:3      | Found a radiant altar of Vehumet.
  1879 | D:3      | Found a faded altar of an unknown god.
  1882 | D:3      | Became a worshipper of Vehumet
  1968 | D:3      | Found a shimmering altar of Xom.
  1970 | D:3      | Found a faded altar of an unknown god.
  2131 | D:3      | Killed from afar by komo4ek's ghost

Skill      XL: |  1  2  3 |
---------------+----------+-----
Conjurations   | 2 |  2.7
Fire Magic     | 4 |  4.2
Dodging        | |  2.4
Stealth        | |  2.4
Spellcasting   | |  3.7

Action                   || total
-------------------------++-------
Melee: Unarmed           ||    27
       Short sword       ||    56
 Cast: Flame Tongue      ||    87
       Conjure Flame     ||     3
       Throw Flame       ||     2
 Stab: Sleeping          ||     1
  Eat: Chunk             ||     4
Armor: Robe              ||    32
Dodge: Dodged            ||    78
